 Dungeon Crawl Stone Soup version 0.32-a0-656-g3542139ebd (webtiles) character file.

Game seed: 8010842132179996531

910 ytrimaz the Ruffian (level 8, -8/81 HPs)
             Began as an Octopode Shapeshifter on Mar 8, 2024.
             Was an Initiate of Ashenzari.
             Killed from afar by a white imp (10 damage)
             ... with a puff of frost
             ... on level 6 of the Dungeon.
             The game lasted 00:05:14 (3897 turns).

ytrimaz the Ruffian (Octopode Shapeshifter)         Turns: 3897, Time: 00:05:15

Health: -8/81      AC: 28    Str: 13    XL:     8   Next: 8%
Magic:  8/8        EV:  2    Int: 21    God:    Ashenzari [......]
Gold:   152        SH:  0    Dex: 13    Spells: 7/7 levels left

rFire   + +          .
                       - Unarmed
rCold   x . .        (no shield)
rNeg    . . .        (helmet currently unavailable)
rPois   +            j - amulet of Music {Faith rElec rF+ Int+4}
rElec   +            e - ring of the Lashed Sage {AC+4, Melee, Self} (curse)
rCorr   .            f - ring of Vyodo {Fire Int+2 Dex+2}
SInv    .            (no ring)
Will    .....        (no ring)
Stlth   +            (no ring)
HPRegen 0.33/turn    (no ring)
MPRegen 0.11/turn    (no ring)
                     (no ring)

%: faith
@: tree-form
A: stationary, stasis, torment immunity, boosted hp, almost no armour,
(amphibious), 8 rings, (camouflage 1), (gelatinous body 1), (nimble swimmer 1),
(tentacles)
a: Renounce Religion, Curse Item, Shatter the Chains


You were on level 6 of the Dungeon.
You worshipped Ashenzari.
Ashenzari was noncommittal.
You were a tree.
You visited 1 branch of the dungeon, and saw 6 of its levels.

You collected 277 gold pieces.
You spent 125 gold pieces at shops.


Innate Abilities, Weirdness & Mutations

You are a tree.
Your roots penetrate the ground, keeping you stationary.
You cannot be teleported.
You are immune to unholy pain and torment.
Your maximum health is greatly increased.
You cannot wear most types of armour.
((You are amphibious.))
You can wear up to eight rings at the same time.
((Your skin changes colour to match your surroundings (Stealth+).))
((Your rubbery body absorbs attacks. (AC +1, EV +1)))
((You are camouflaged when in or above water. (Stealth+)))
((You have tentacles for arms and can constrict up to eight enemies at once.))


   Skills:
 + Level 4.5(4.9) Fighting
 + Level 4.8 Dodging
 + Level 5.3(5.7) Unarmed Combat
 + Level 5.0 Shapeshifting


You had 7 spell levels left.
You didn't know any spells.
Your spell library was empty.

Inventory:

Jewellery
 e - the cursed ring of the Lashed Sage (left branch) {AC+4, Melee, Self}
   (You found it on level 1 of the Dungeon)

   [ring of protection]

   AC+4:      It affects your AC (+4).
   It has a curse which improves the following skills: Melee Combat: Short
   Blades, Long Blades, Axes, Maces & Flails, Polearms, Staves and Unarmed
   Combat.
   Introspection: Fighting and Spellcasting.
 f - the ring of Vyodo (right branch) {Fire Int+2 Dex+2}
   (You bought it in a shop on level 3 of the Dungeon)

   [ring of fire]

   Fire:      It enhances your fire magic.
   Int+2:     It affects your intelligence (+2).
   Dex+2:     It affects your dexterity (+2).
   rF+:       It protects you from fire.
   rC-:       It makes you vulnerable to cold.
 j - the amulet of Music (around neck) {Faith rElec rF+ Int+4}
   (You found it on level 5 of the Dungeon)

   [amulet of faith]

   Faith:     It allows you to gain divine favour quickly.
   Int+4:     It affects your intelligence (+4).
   rF+:       It protects you from fire.
   rElec:     It insulates you from electricity.
Talismans
 b - a beast talisman (active)
 c - a flux talisman
Wands
 g - a wand of paralysis (8) (quivered)
   (You took it off a goblin on level 4 of the Dungeon)
Scrolls
 a - a scroll of immolation
 h - a scroll of teleportation
 n - a scroll of summoning
Potions
 d - a potion of attraction {unknown}
 i - a potion of degeneration {unknown}
 k - 2 potions of mutation {unknown}
 l - a potion of ambrosia {unknown}
 m - 2 potions of enlightenment
 o - 2 potions of brilliance {unknown}
 p - 4 potions of curing {unknown}

Dungeon Overview and Level Annotations

Branches:
Dungeon (6/15) Zot: 26835
 Temple: D:4-7

Altars:
Ashenzari
Gozag
Okawaru
Qazlal
Sif Muna
Trog
Yredelemnul

Shops:
D:3 [*=(

Annotations:
D:5 1 runed translucent door, partyrob117's ghost, novice MiBe

#. ##...~~.~~...## #.
#...~~...~~...# #.
...~~.....~~... #.
..# ..~~...?...~~..
## #..
.≈~≈..$$...≈~≈. ..
..~~...?...~~.. #
.##...~~.5OS.~~...
#..#####
#.##...~~.♣.~~...#
#......
#..##...~~.~~...##
#####..
#...##...~.~...## ###
###. #
##...###.......##
#.###...
#.####..#..###.....##
##.#....
#......##.####...####
##.....#
###....###.#.##'###.#
##.###.##
#..........##.#
#.####.## #>.#
#.###.........#
#..##.## ##.#


You could see an ogre (paralysed), an adder and a white imp.


Message History

You have reached level 8! 😎 HP[+5] MP[+1]
You now have 54 max hp (+5).
Your hp is fully restored (54).
Your mp is fully restored (8).
You barely miss the bombardier beetle. You grab the bombardier beetle.
You squeeze the bombardier beetle. You constrict the bombardier beetle.
You tentacle-slap the bombardier beetle.
You squeeze the bombardier beetle. You constrict the bombardier beetle.
You kill the bombardier beetle!
Your Shapeshifting skill increases to level 5!
Unknown command.
No target in view!
Ashenzari invites you to partake of a vision and a curse of elements and fortitude.
Okay, then.
Found a stone staircase leading down.
A hound comes into view.
A hound is nearby!
The hound barks!
You tentacle-slap the hound. You grab the hound. You squeeze the hound!
You constrict the hound.
You kill the hound!
You see here a hound corpse.
Unknown command.
No target in view!
You now have 139 gold pieces (gained 11).
You now have 152 gold pieces (gained 13).
Key pressed, stopping explore.
You open the door.
An orc comes into view. It is wielding a +0 flail.
There is an open door here.
An orc is nearby!
An orc is nearby!
A white imp comes into view.
An ogre comes into view. It is wielding a +0 giant club.
The orc shouts!
The white imp shouts, "Scamper away, thou artless fat-kidneyed foot-licker!"
The orc barely misses you.
You tentacle-slap the orc. You grab the orc. You constrict the orc.
You kill the orc!
The white imp gestures at you. The puff of frost hits you!
You feel a terrible chill! 😕 HP[-12]
You take 12 damage, and now have 42/54 hp.
MASSIVE DAMAGE!! (PAUSE)
Aiming: Paralyse
Press: ? - help, Q - select action, (/) - cycle Shift-Dir - straight line, f - ogre
Aim: an ogre, wielding a +0 giant club (chance to affect: 49%)
The ogre resists with some effort.
The white imp gestures at you. The puff of frost hits you!
You feel a terrible chill! 😮 HP[-7]
You take 7 damage, and now have 35/54 hp.
Aiming: Paralyse
Press: ? - help, Q - select action, (/) - cycle Shift-Dir - straight line, f/p - ogre
Aim: an ogre, wielding a +0 giant club (chance to affect: 49%)
The ogre resists with some effort.
Aiming: Paralyse
Press: ? - help, Q - select action, (/) - cycle Shift-Dir - straight line, f/p - ogre
Aim: an ogre, wielding a +0 giant club (chance to affect: 49%)
The ogre resists with some effort.
An adder comes into view.
The ogre hits you with a +0 giant club!
* * * LOW HITPOINT WARNING * * *
The white imp gestures at you. The puff of frost misses you. 😨 HP[-16]
You take 16 damage, and now have 19/54 hp.
MASSIVE DAMAGE!! (PAUSE)
Aiming: Paralyse
Press: ? - help, Q - select action, (/) - cycle Shift-Dir - straight line, f/p - ogre
Aim: an ogre, wielding a +0 giant club (chance to affect: 49%)
The ogre resists with some effort.
The adder hisses angrily.
The white imp misses you.
Aiming: Paralyse
Press: ? - help, Q - select action, (/) - cycle Shift-Dir - straight line, f/p - ogre
Aim: an ogre, wielding a +0 giant club (chance to affect: 49%)
The ogre suddenly stops moving!
The white imp hits you but does no damage.
The helpless ogre fails to defend itself.
You tentacle-slap the ogre. You squeeze the ogre! 😨 HP[+1]
The helpless ogre fails to defend itself.
You tentacle-slap the ogre. The white imp gestures at you.
The puff of frost hits you!!
You feel a terrible chill!
* * * LOW HITPOINT WARNING * * *
😱 HP[-19]
You take 19 damage, and now have 1/54 hp.
MASSIVE DAMAGE!! (PAUSE) Unknown command.
Your transformation has ended.
You turn into a tree.
Your roots penetrate the ground.
The white imp gestures at you. The puff of frost hits you!
You feel a terrible chill!
You die...

Skill      XL: |  1  2  3  4  5  6  7  8 |
---------------+-------------------------+-----
Fighting       | 2 3 4 |  4.5
Dodging        | 3 4 |  4.8
Unarmed Combat | 4 5 |  5.3
Shapeshifting  | 4 5 |  5.0

Action                     |  1- 3 |  4- 6 |  7- 9 || total
---------------------------+-------+-------+-------++-------
  Melee: Unarmed           |    71 |    63 |    45 ||   179
         Constrict         |    16 |    16 |    16 ||    48
         Tentacles         |    10 |    17 |    17 ||    44
         Punch             |     1 |     5 |     2 ||     8
 Invoke: Curse Item        |       |     1 |       ||     1
  Evoke: Wand              |       |       |     5 ||     5
    Use: Potion            |     1 |       |     1 ||     2
         Scroll            |     6 |     3 |     3 ||    12
   Stab: Sleeping          |     5 |     4 |     1 ||    10
         Paralysed         |       |       |     2 ||     2
 Armour: Skin              |    21 |    20 |    21 ||    62
  Dodge: Dodged            |    31 |    42 |    23 ||    96

Levels and vault maps discovered:
D:1:      nicolae_arrival_somewhat_less_tricky_arrival, layout_rooms
D:2:      layout_basic, hellmonk_ecumenical_altar_blasted, minmay_misc_feat_iff
D:3:      layout_loops_ring, mainiacjoe_overflow_six_doors_small,
          nicolae_gozag_cash_rules_everything_around_me, serial_shops,
          nicolae_shop_bloodbath_and_beyond, nicolae_shop_real_fake_doors, shop,
          shop_fountains, minmay_misc_feat_plants
D:4:      minmay_spotlight, layout_basic, minmay_vboxes, uniq_menkaure
D:5:      layout_rooms, gammafunk_temple_overflow_claw,
          amethyst_overflow_temple_binary, ebering_ghost_inner_flame,
          serial_bayou_pond_a
D:6:      layout_layer_cave, kennysheep_diamond

Notes
Turn   | Place    | Note
-------+----------+-------------------------------------------
     0 | D:1      | ytrimaz the Octopode Shapeshifter began the quest for the
                  | Orb.
     0 | D:1      | Reached XP level 1. HP: 13/13 MP: 1/1
     0 | D:1      | magus.rc [v1.9.6]
   194 | D:1      | Reached XP level 2. HP: 18/18 MP: 2/2
   566 | D:2      | HP: 4/18 [frozen (3)]
   574 | D:2      | HP: 2/27 [dart slug/slug dart (3)]
   605 | D:2      | Reached XP level 3. HP: 11/23 MP: 3/3
   677 | D:2      | Found a faded altar of an unknown god.
  1454 | D:3      | Found Milorchi's Jewellery Shop.
  1518 | D:3      | Found Xoeddihae's Weapon Shoppe.
  1627 | D:3      | Found Fesyleatz's Assorted Antiques.
  1666 | D:3      | Found an opulent altar of Gozag.
  1699 | D:3      | Reached skill level 2 in Fighting
  1699 | D:3      | Reached XP level 4. HP: 29/29 MP: 4/4
  1737 | D:3      | Found a broken altar of Ashenzari.
  1845 | D:3      | Became a worshipper of Ashenzari the Shackled
  1878 | D:3      | Found Rium's Antique Armour Boutique.
  2124 | D:3      | Bought a smoking lapis lazuli ring for 125 gold pieces
  2124 | D:3      | Identified the ring of Vyodo {Fire Int+2 Dex+2} (You bought
                  | it in a shop on level 3 of the Dungeon)
  2502 | D:4      | Reached skill level 3 in Dodging
  2502 | D:4      | Reached XP level 5. HP: 34/35 MP: 5/5
  2544 | D:4      | Noticed Menkaure
  2556 | D:4      | Killed Menkaure
  2557 | D:4      | Reached skill level 3 in Fighting
  2557 | D:4      | Reached skill level 4 in Unarmed Combat
  2557 | D:4      | Reached skill level 4 in Shapeshifting
  2557 | D:4      | Reached XP level 6. HP: 31/42 MP: 6/6
  3024 | D:5      | Entered Level 5 of the Dungeon
  3030 | D:5      | Reached XP level 7. HP: 48/48 MP: 7/7
  3040 | D:5      | Reached skill level 4 in Dodging
  3151 | D:5      | Found a runed translucent door.
  3179 | D:5      | Noticed partyrob117's ghost (novice MiBe)
  3193 | D:5      | Identified the amulet of Music {Faith rElec rF+ Int+4}
  3198 | D:5      | Found an iron altar of Okawaru.
  3205 | D:5      | Found a shimmering blue altar of Sif Muna.
  3355 | D:5      | Found a basalt altar of Yredelemnul.
  3355 | D:5      | Found a stormy altar of Qazlal.
  3356 | D:5      | Found a bloodstained altar of Trog.
  3458 | D:5      | Reached skill level 4 in Fighting
  3458 | D:5      | Reached skill level 5 in Unarmed Combat
  3755 | D:6      | Reached XP level 8. HP: 54/54 MP: 8/8
  3759 | D:6      | Reached skill level 5 in Shapeshifting
  3896 | D:6      | HP: 1/54 [white imp/puff of frost (19)]
  3897 | D:6      | Killed from afar by a white imp

Vanquished Creatures
  Menkaure (D:4)
  A black bear (D:5)
  An ogre (D:5)
  A scorpion (D:5)
  2 bombardier beetles
  4 hounds
  4 iguanas
  3 orc wizards (D:5)
  2 sleepcaps
  5 adders
  4 dart slugs
  2 ribbon worms (D:4)
  4 orcs
  2 bats
  5 endoplasms
  A giant cockroach (D:4)
  9 goblins
  8 hobgoblins
  4 jackals (D:3)
  8 quokkas
  6 ball pythons
  2 frilled lizards
  A kobold (D:3)
  7 rats
87 creatures vanquished.

Vanquished Creatures (collateral kills)
  A ball python (D:4)
1 creature vanquished.

Grand Total: 88 creatures vanquished

Table legend:
 A = Non-vault XP
 B = Vault XP
 C = Vault XP percentage of total XP
 D = Non-vault monster count
 E = Vault monster count
 F = Vault count percentage of total count
                 A         B        C        D         E       F
            +---------+---------+-------+---------+---------+-------
      Total |     981 |     319 |  24.5 |      76 |      12 |  13.6
            +---------+---------+-------+---------+---------+-------
        D:1 |      22 |       0 |   0.0 |      14 |       0 |   0.0
        D:2 |      30 |       0 |   0.0 |      16 |       0 |   0.0
        D:3 |      52 |       0 |   0.0 |      16 |       0 |   0.0
        D:4 |     107 |     316 |  74.7 |      12 |      11 |  47.8
        D:5 |     603 |       0 |   0.0 |      14 |       0 |   0.0
        D:6 |     167 |       3 |   1.8 |       4 |       1 |  20.0
            +---------+---------+-------+---------+---------+-------

Skill      XL: |  1  2  3  4  5  6  7  8 |
---------------+-------------------------+-----
Fighting       | 2 3 4 |  4.5
Dodging        | 3 4 |  4.8
Unarmed Combat | 4 5 |  5.3
Shapeshifting  | 4 5 |  5.0

Action                     |  1- 3 |  4- 6 |  7- 9 || total
---------------------------+-------+-------+-------++-------
  Melee: Unarmed           |    71 |    63 |    45 ||   179
         Constrict         |    16 |    16 |    16 ||    48
         Tentacles         |    10 |    17 |    17 ||    44
         Punch             |     1 |     5 |     2 ||     8
 Invoke: Curse Item        |       |     1 |       ||     1
  Evoke: Wand              |       |       |     5 ||     5
    Use: Potion            |     1 |       |     1 ||     2
         Scroll            |     6 |     3 |     3 ||    12
   Stab: Sleeping          |     5 |     4 |     1 ||    10
         Paralysed         |       |       |     2 ||     2
 Armour: Skin              |    21 |    20 |    21 ||    62
  Dodge: Dodged            |    31 |    42 |    23 ||    96

Illustrated notes

Table legend:
 A = Kills in this place as a percentage of kills in the entire game.
 B = Kills by you in this place as a percentage of kills by you in the entire game.
 C = Kills by friends in this place as a percentage of kills by friends in the entire game.
 D = Other kills in this place as a percentage of other kills in the entire game.
 E = Experience gained in this place as a percentage of experience gained in the entire game.
 F = Experience gained in this place divided by the number of levels of this place that you have seen.
                   A       B       C       D       E      F
               +-------+-------+-------+-------+-------+----------------------
         Total | 100.0 | 100.0 | 100.0 |   N/A | 100.0 | 216.7
       Dungeon | 100.0 | 100.0 | 100.0 |   N/A | 100.0 | 216.7
               +-------+-------+-------+-------+-------+----------------------

Table legend: (Time is in decaauts)
 A = Elapsed time spent in this place.
 B = Non-inter-level travel time spent in this place.
 C = Inter-level travel time spent in this place.
 D = Time resting spent in this place.
 E = Time spent auto-exploring this place.
 F = Levels seen in this place.
 G = Mean time per level.
                   A        B        C        D        E       F      G
               +--------+--------+--------+--------+--------+-----+--------+
         Total |   3880 |   3723 |    157 |    152 |   2896 |   6 |  646.7 |
       Dungeon |   3880 |   3723 |    157 |    152 |   2896 |   6 |  646.7 |
               +--------+--------+--------+--------+--------+-----+--------+

Top non-repeatable levels by time:
     D:4: 886 daAuts
     D:2: 883 daAuts
     D:5: 704 daAuts
     D:3: 703 daAuts
     D:1: 539 daAuts
     D:6: 163 daAuts
